 Dungeon Sprint DCSS version 0.30-a0-50-gb2d611f6b1 (webtiles) character file.

Game seed: 15902210178101044066

12 lesbiats the Shield-Bearer (level 2, 23/31 HPs)
             Began as a Troll Fighter on Sept 4, 2022.
             Quit the game in the Dungeon (Sprint IX: "|||||||||||||||||||||||||||||").
             The game lasted 00:00:33 (143 turns).

lesbiats the Shield-Bearer (Troll Fighter)           Turns: 143, Time: 00:00:34

Health: 23/31      AC:  4    Str: 23    XL:     2   Next: 20%
Magic:  1/1        EV:  8    Int:  4    God:
Gold:   0          SH:  7    Dex:  9    Spells: 1/1 levels left

rFire   . . .      SeeInvis .      - Unarmed
rCold   . . .      Faith    .    b - +0 kite shield
rNeg    . . .      Spirit   .    a - +0 robe
rPois   .          Reflect  .    (helmet restricted)
rElec   .          Harm     .    (no cloak)
rCorr   .          Rampage  .    (gloves unavailable)
Will    .....      NoTele   +    (boots unavailable)
Stlth   +.........               (no amulet)
HPRegen 0.90/turn                (no ring)
MPRegen 0.07/turn                (no ring)

@: no status effects
A: large, unfitting armour, claws 3, regeneration 1, shaggy fur 1, tough skin 1
a: no special abilities


You were in the Dungeon.
You visited 1 branch

Inventory:

Missiles
 j - 5 stones (quivered)
Armour
 a - a +0 robe (worn)
 b - a +0 kite shield (worn)
Scrolls
 i - a scroll of blinking
Potions
 c - a potion of might
 d - a potion of curing
 e - a potion of heal wounds
 f - a potion of haste
 g - 2 potions of magic
 h - a potion of berserk rage


   Skills:
 + Level 3.1 Fighting
 - Level 2.4 Dodging
 + Level 0.8 Stealth
 + Level 4.1 Shields
 - Level 2.0 Unarmed Combat


You had one spell level left.
You didn't know any spells.
Your spell library was empty.

Dungeon Overview and Level Annotations

Branches:
Dungeon (1/1)

Altars:


Innate Abilities, Weirdness & Mutations

You are too large for most types of armour.
You have claws for hands.
Your natural rate of healing is unusually fast.
You are covered in fur. (AC +1)
You have tough skin. (AC +1)


Message History

Things that are here:
a +0 short sword; 5 stones
j - 5 stones
Items here: ) †††.
You see here a +0 short sword.
You start waiting.
Done waiting.
You open the door.
A quokka, 2 hounds, an ufetubus and an orc come into view.
The hound barks!
The ufetubus shouts!
The orc shouts!
The hound barks!
You scratch the orc.
The orc is moderately wounded.
The orc hits you but does no damage.
You scratch the orc.
The orc is almost dead.
You block the orc's attack.
The hound stops to sniff the ground.
You scratch the orc.
You kill the orc!
You block the ufetubus's attack.
The ufetubus hits you but does no damage.
You scratch the ufetubus but do no damage.
The ufetubus hits you. x2; The ufetubus barely misses you.
The ufetubus hits you but does no damage.
You claw the ufetubus!
You kill the ufetubus!
The hound bites you.
Your Fighting skill increases to level 3!
Your Shields skill increases to level 4!
You have reached level 2!
You miss the hound. The hound bites you. The hound barely misses you.
You scratch the hound.
The hound is moderately wounded.
The hound closely misses you. x2
Unknown command.
You closely miss the hound.
The hound is moderately wounded.
The hound barely misses you. The hound bites you.
Are you sure you want to abandon this character and quit the game? (Confirm with "yes".) ▓▓▓▓▓▓▓▓▓▓▓▓▓▓▓▓▓▓ +....rhh@).)'...<▓ ▓▓▓▓▓▓▓▓▓▓▓▓▓▓▓▓▓▓

You could see 2 hounds and a quokka.

Vanquished Creatures
  An ufetubus (D)
  An orc (D)
  An endoplasm (D)
  A quokka (D)
  A frilled lizard (D)
  A goblin (D)
  A kobold (D)
7 creatures vanquished.

Notes
Turn   | Place    | Note
-------+----------+-------------------------------------------
     0 | D        | lesbiats the Troll Fighter began the quest for the Orb.
     0 | D        | Reached XP level 1. HP: 22/22 MP: 0/0
    15 | D        | Reached skill level 3 in Shields
   133 | D        | Noticed a hound
   133 | D        | Noticed a hound
   139 | D        | Reached skill level 4 in Shields
   139 | D        | Reached XP level 2. HP: 24/31 MP: 1/1
   143 | D        | Quit the game

Illustrated notes

Levels and vault maps discovered:
D:        linesprint [early_d, line_temple, items_1, d_10, items_2, lair_1,
          lair_end, items_3, orc_1, orc_end, items_4, d_15, swamp_1, shoals_1,
          snake_1, spider_1, d_20, vaults_1, items_5, swamp_end, shoals_end,
          snake_end, spider_end, vaults_end, d_27, items_6, zot_1, zot_end,
          crypt_end, forest_end, elf_end, slime_end, tomb_end, abyss_end,
          pan_hell_end]

Skill      XL: |  1 |
---------------+----+-----
Shields        | 4 |  4.1
Fighting       | 3 |  3.1
Dodging        | |  2.4
Stealth        | |  0.8
Unarmed Combat | |  2.0

Action                   || total
-------------------------++-------
Melee: Unarmed           ||    24
Armor: Robe              ||     6
Dodge: Dodged            ||     8
Block: Kite shield       ||     6

Table legend: (Time is in decaauts)
 A = Elapsed time spent in this place.
 B = Non-inter-level travel time spent in this place.
 C = Inter-level travel time spent in this place.
 D = Time resting spent in this place.
 E = Time spent auto-exploring this place.
 F = Levels seen in this place.
 G = Mean time per level.
                   A        B        C        D        E       F      G
               +--------+--------+--------+--------+--------+-----+--------+
         Total |    145 |    145 |      0 |    100 |      3 |   1 |  145.0 |
       Dungeon |    145 |    145 |      0 |    100 |      3 |   1 |  145.0 |
               +--------+--------+--------+--------+--------+-----+--------+

Top non-repeatable levels by time:
       D: 145 daAuts
